[Event "12th Senioren-Cup Tegernsee 2024"]
[Site "Rottach-Egern"]
[Date "2024.04.06"]
[Round "1.1"]
[White "Schneider-Zinner, Harald"]
[Black "Welsch, Roland"]
[Result "1-0"]
[ECO "D11"]
[WhiteElo "2335"]
[BlackElo "1906"]
[Annotator "RC"]
[PlyCount "49"]
[EventDate "2024.04.02"]
[EventType "swiss"]
[EventCountry "GER"]
[SourceTitle "playchess.com"]
[Source "ChessBase"]
[SourceQuality "1"]
[TimeControl "7800+30"]

1. Nf3 d5 2. d4 Nf6 3. c4 c6 4. Nbd2 Bf5 5. Nh4 Bg6 6. Qb3 Qb6 7. Qh3 Na6 8. Nxg6 hxg6 9. Qxh8 Qxd4 10. Qh3 e6 11. Qc3 Qg4 12. h3 Qh5 13. a3 O-O-O 14. e3 e5 15. cxd5 Nxd5 16. Qc4 f5 17. b4 Nac7 18. Bb2 e4 19. g3 Bd6 20. Be2 Qh6 21. Nf1 g5 22. O-O-O Kb8 23. Nd2 Qg6 24. h4 Nb6 25. Qc2 1-0

[Event "12th Senioren-Cup Tegernsee 2024"]
[Site "Rottach-Egern"]
[Date "2024.04.06"]
[Round "1.3"]
[White "Cordts, Ingo"]
[Black "Hansch, Klaus-Michael"]
[Result "1-0"]
[ECO "A57"]
[WhiteElo "2225"]
[BlackElo "1903"]
[Annotator "RC"]
[PlyCount "47"]
[EventDate "2024.04.02"]
[EventType "swiss"]
[EventCountry "GER"]
[SourceTitle "playchess.com"]
[Source "ChessBase"]
[SourceQuality "1"]
[TimeControl "7800+30"]

1. d4 Nf6 2. c4 c5 3. d5 b5 4. Qc2 bxc4 5. e4 d6 6. Bxc4 Nbd7 7. Nc3 g6 8. f4 Bg7 9. Nf3 O-O 10. a4 Qa5 11. Bd2 a6 12. O-O Ne8 13. Rfe1 Rb8 14. Ra2 Qb4 15. Nb5 axb5 16. Bxb4 bxc4 17. Bc3 Nef6 18. Nd2 Ba6 19. a5 Rb7 20. h3 Rfb8 21. g4 Rb3 22. Ra4 Ne8 23. Nxb3 Rxb3 24. Bxg7 1-0

[Event "12th Senioren-Cup Tegernsee 2024"]
[Site "Rottach-Egern"]
[Date "2024.04.06"]
[Round "1.4"]
[White "Schicker, Rudolf"]
[Black "Vatter, Hans-Joachim"]
[Result "0-1"]
[ECO "A21"]
[WhiteElo "1903"]
[BlackElo "2211"]
[Annotator "RC"]
[PlyCount "56"]
[EventDate "2024.04.02"]
[EventType "swiss"]
[EventCountry "GER"]
[SourceTitle "playchess.com"]
[Source "ChessBase"]
[SourceQuality "1"]
[TimeControl "7800+30"]

1. Nf3 d6 2. c4 e5 3. d3 f5 4. Nc3 Nf6 5. Bg5 Be7 6. g3 Nbd7 7. Bg2 h6 8. Bxf6 Bxf6 9. Qc2 c6 10. O-O g5 11. Rab1 h5 12. b4 h4 13. Rfd1 hxg3 14. hxg3 Kf7 15. c5 d5 16. b5 Qe7 17. bxc6 bxc6 18. Nxd5 cxd5 19. Nxg5+ Bxg5 20. Bxd5+ Kg6 21. Bxa8 Nxc5 22. Bg2 Ne6 23. e3 Bf6 24. Qc4 Ng5 25. d4 e4 26. Rb8 Ba6 27. Qb4 Qxb4 28. Rxb4 Be2 0-1

[Event "12th Senioren-Cup Tegernsee 2024"]
[Site "Rottach-Egern"]
[Date "2024.04.06"]
[Round "1.7"]
[White "Belke, Frank"]
[Black "Spanton, Tim R"]
[Result "1-0"]
[ECO "D50"]
[WhiteElo "2163"]
[BlackElo "1886"]
[Annotator "RC"]
[PlyCount "115"]
[EventDate "2024.04.02"]
[EventType "swiss"]
[EventCountry "GER"]
[SourceTitle "playchess.com"]
[Source "ChessBase"]
[SourceQuality "1"]
[TimeControl "7800+30"]

1. d4 d5 2. c4 e6 3. Nc3 Nf6 4. Bg5 c5 5. cxd5 cxd4 6. Qxd4 Be7 7. e4 exd5 8. e5 Nc6 9. Bb5 Ng4 10. Bxe7 Qxe7 11. Nf3 O-O 12. Bxc6 bxc6 13. O-O Re8 14. Rfe1 Rb8 15. Qd2 Qb4 16. b3 Be6 17. Rad1 Rbd8 18. Na4 Qxd2 19. Rxd2 f6 20. exf6 Nxf6 21. Rc1 Ne4 22. Rd4 Rc8 23. Nc5 Nxc5 24. Rxc5 Bd7 25. h3 Re7 26. Ra4 Rc7 27. Rb4 h6 28. Rb8+ Kf7 29. Nd4 Re8 30. Rxe8 Bxe8 31. b4 Ke7 32. g4 g6 33. f4 Kd6 34. Kf2 Re7 35. a3 Re4 36. Ne2 Re7 37. Ra5 Rf7 38. Ke3 Re7+ 39. Kd2 Rb7 40. Kd3 Kc7 41. Nd4 Bd7 42. Nf3 Kb6 43. Rc5 Kc7 44. Ne5 h5 45. Kd4 hxg4 46. hxg4 Rb6 47. b5 Rxb5 48. Rxb5 cxb5 49. Nxd7 Kxd7 50. Kxd5 a5 51. Kc5 b4 52. axb4 axb4 53. Kxb4 Kd6 54. Kc4 Kc6 55. Kd4 Kd6 56. Ke4 Ke6 57. g5 Kf7 58. Kd5 1-0

[Event "12th Senioren-Cup Tegernsee 2024"]
[Site "Rottach-Egern"]
[Date "2024.04.06"]
[Round "1.8"]
[White "Kopischke, Maik"]
[Black "Lindam, Ingo"]
[Result "0-1"]
[ECO "A24"]
[WhiteElo "1883"]
[BlackElo "2160"]
[Annotator "RC"]
[PlyCount "70"]
[EventDate "2024.04.02"]
[EventType "swiss"]
[EventCountry "GER"]
[SourceTitle "playchess.com"]
[Source "ChessBase"]
[SourceQuality "1"]
[TimeControl "7800+30"]

1. Nf3 Nf6 2. c4 g6 3. Nc3 Bg7 4. g3 O-O 5. Bg2 d6 6. O-O e5 7. d3 Re8 8. Nd2 a5 9. Rb1 c6 10. a3 h6 11. b4 axb4 12. axb4 d5 13. b5 Be6 14. bxc6 bxc6 15. cxd5 cxd5 16. e4 Nc6 17. Nb3 d4 18. Ne2 Qe7 19. f4 Bg4 20. h3 Bxe2 21. Qxe2 Nh5 22. Kh2 Nb4 23. Rb2 Rec8 24. Bd2 Na2 25. f5 Nc3 26. Bxc3 Rxc3 27. Bf3 Rb8 28. Bxh5 gxh5 29. Na5 Rxb2 30. Qxb2 Rxd3 31. Qf2 Qb4 32. Nc6 Qd2 33. Kg1 Qg5 34. g4 Rxh3 35. Qe2 Rg3+ 0-1

[Event "12th Senioren-Cup Tegernsee 2024"]
[Site "Rottach-Egern"]
[Date "2024.04.07"]
[Round "2.1"]
[White "Kaiser, Guenter"]
[Black "Schneider-Zinner, Harald"]
[Result "0-1"]
[ECO "E03"]
[WhiteElo "2001"]
[BlackElo "2335"]
[Annotator "RC"]
[PlyCount "44"]
[EventDate "2024.04.02"]
[EventType "swiss"]
[EventCountry "GER"]
[SourceTitle "playchess.com"]
[Source "ChessBase"]
[SourceQuality "1"]
[TimeControl "7800+30"]

1. c4 e6 2. g3 d5 3. Bg2 dxc4 4. Nf3 Nd7 5. Qc2 a6 6. O-O Ngf6 7. Qxc4 b5 8. Qc2 Bb7 9. d4 c5 10. b3 Rc8 11. Qb2 Bd6 12. dxc5 Bxc5 13. Bd2 O-O 14. Bc3 Qc7 15. b4 Be7 16. Bd4 Nb6 17. Nbd2 Na4 18. Qb1 Nd5 19. a3 Rfd8 20. Rc1 Ndc3 21. Qd3 Bf6 22. e3 e5 0-1

[Event "12th Senioren-Cup Tegernsee 2024"]
[Site "Rottach-Egern"]
[Date "2024.04.07"]
[Round "2.2"]
[White "Heinbuch, Detlef Ulrich"]
[Black "Schoengart, Ralf"]
[Result "1-0"]
[ECO "A11"]
[WhiteElo "2273"]
[BlackElo "2000"]
[Annotator "RC"]
[PlyCount "65"]
[EventDate "2024.04.02"]
[EventType "swiss"]
[EventCountry "GER"]
[SourceTitle "playchess.com"]
[Source "ChessBase"]
[SourceQuality "1"]
[TimeControl "7800+30"]

1. c4 Nf6 2. Nc3 c6 3. Nf3 d5 4. e3 Bg4 5. h3 Bxf3 6. Qxf3 e6 7. b3 Nbd7 8. Bb2 dxc4 9. bxc4 Ne5 10. Qe2 Be7 11. d4 Ng6 12. g3 O-O 13. Bg2 Qc7 14. O-O Rad8 15. Rad1 Rfe8 16. f4 Qa5 17. Kh2 h6 18. e4 Bb4 19. Qc2 c5 20. d5 exd5 21. cxd5 Qa6 22. e5 Nd7 23. a3 Ba5 24. Ne4 c4 25. Nd6 Rf8 26. Qxc4 Qxc4 27. Nxc4 Bb6 28. f5 Ne7 29. d6 Nc6 30. e6 fxe6 31. fxe6 Rxf1 32. Rxf1 Nf6 33. Bxf6 1-0

[Event "12th Senioren-Cup Tegernsee 2024"]
[Site "Rottach-Egern"]
[Date "2024.04.07"]
[Round "2.3"]
[White "Pruesse, Horst"]
[Black "Cordts, Ingo"]
[Result "0-1"]
[ECO "D01"]
[WhiteElo "1992"]
[BlackElo "2225"]
[Annotator "RC"]
[PlyCount "80"]
[EventDate "2024.04.02"]
[EventType "swiss"]
[EventCountry "GER"]
[SourceTitle "playchess.com"]
[Source "ChessBase"]
[SourceQuality "1"]
[TimeControl "7800+30"]

1. d4 Nf6 2. Nc3 d5 3. Bg5 Nbd7 4. Nf3 c5 5. dxc5 e6 6. e4 Bxc5 7. Bb5 dxe4 8. Bxf6 gxf6 9. Bxd7+ Qxd7 10. Nxe4 Be7 11. Qxd7+ Kxd7 12. O-O-O+ Kc7 13. Rd3 Rd8 14. Rc3+ Kb6 15. Rd1 Rxd1+ 16. Kxd1 e5 17. Nfd2 Be6 18. Rd3 Rd8 19. Rxd8 Bxd8 20. b3 f5 21. Nd6 Kc6 22. N6c4 Kd5 23. Ne3+ Kc5 24. c3 b5 25. b4+ Kc6 26. a3 f4 27. Nef1 Kd5 28. f3 Bf5 29. g3 Bf6 30. Kc1 Bd3 31. Kb2 h5 32. gxf4 exf4 33. Kb3 h4 34. Kb2 h3 35. Kb3 Be5 36. Kb2 Bxf1 37. Nxf1 Kc4 38. Nd2+ Kd3 39. Ne4 Ke3 40. Ng5 f6 0-1

[Event "12th Senioren-Cup Tegernsee 2024"]
[Site "Rottach-Egern"]
[Date "2024.04.07"]
[Round "2.4"]
[White "Vatter, Hans-Joachim"]
[Black "Diotallevi, Maurizio"]
[Result "1-0"]
[ECO "A01"]
[WhiteElo "2211"]
[BlackElo "1982"]
[Annotator "RC"]
[PlyCount "113"]
[EventDate "2024.04.02"]
[EventType "swiss"]
[EventCountry "GER"]
[SourceTitle "playchess.com"]
[Source "ChessBase"]
[SourceQuality "1"]
[TimeControl "7800+30"]

1. b3 d5 2. Bb2 c6 3. e3 e6 4. f4 f5 5. Nf3 Nf6 6. Be2 Bd6 7. Ne5 O-O 8. d3 Qe7 9. Nd2 Ba3 10. Qc1 Bxb2 11. Qxb2 Nbd7 12. Ndf3 Nxe5 13. Nxe5 Qb4+ 14. c3 Qb6 15. d4 Nd7 16. Nf3 Nf6 17. O-O Bd7 18. Ne5 Be8 19. Qa3 Qd8 20. c4 Nd7 21. Nd3 Bf7 22. Rac1 Re8 23. Rc2 Qe7 24. Qxe7 Rxe7 25. Ne5 Kf8 26. Bd3 g6 27. h3 Nxe5 28. fxe5 Ke8 29. cxd5 exd5 30. g4 fxg4 31. hxg4 Be6 32. g5 Rf7 33. Rf6 Ke7 34. b4 a6 35. Rh2 Raf8 36. Kf1 Bg4 37. Ke1 Bh5 38. Be2 Bxe2 39. Kxe2 Ke8 40. Kd3 Rxf6 41. gxf6 h5 42. e4 Kf7 43. exd5 cxd5 44. Rc2 Ke6 45. Ke3 g5 46. Rc7 Rf7 47. Rc8 h4 48. Re8+ Kf5 49. Re7 Kg6 50. Re8 h3 51. Kf2 Rc7 52. Rg8+ Kf5 53. Rg7 Rc2+ 54. Kg3 Rc3+ 55. Kh2 Kg4 56. f7 Rf3 57. e6 1-0

[Event "12th Senioren-Cup Tegernsee 2024"]
[Site "Rottach-Egern"]
[Date "2024.04.07"]
[Round "2.7"]
[White "Hartlieb, Juergen"]
[Black "Belke, Frank"]
[Result "1/2-1/2"]
[ECO "A08"]
[WhiteElo "1977"]
[BlackElo "2163"]
[Annotator "RC"]
[PlyCount "95"]
[EventDate "2024.04.02"]
[EventType "swiss"]
[EventCountry "GER"]
[SourceTitle "playchess.com"]
[Source "ChessBase"]
[SourceQuality "1"]
[TimeControl "7800+30"]

1. e4 e6 2. d3 d5 3. Nd2 c5 4. g3 Bd6 5. Bg2 Ne7 6. Ngf3 Nbc6 7. O-O O-O 8. Re1 f6 9. exd5 exd5 10. d4 c4 11. c3 Bf5 12. b3 b5 13. bxc4 bxc4 14. Nh4 Bd3 15. Nf1 Qd7 16. Ne3 g5 17. Nf3 Bc7 18. Qa4 Rfd8 19. Ba3 Bd6 20. Bxd6 Qxd6 21. Bf1 Bg6 22. Bh3 h5 23. Bg2 Rab8 24. Rad1 Kg7 25. Rd2 Rb7 26. h4 g4 27. Nh2 Rdb8 28. Bf1 Rb5 29. Ng2 Ra5 30. Qd1 Ra3 31. Nf4 Rb1 32. Qe2 Rxe1 33. Qxe1 Rxc3 34. Bg2 Bf7 35. Nf1 Nf5 36. Rb2 Ra3 37. Rb7 Nd8 38. Rxf7+ Nxf7 39. Bxd5 Qe7 40. Qd2 c3 41. Nxh5+ Kf8 42. Qf4 c2 43. Qb8+ Nd8 44. Qc8 Nxd4 45. Nf4 Ke8 46. Qc4 Qe5 47. Kg2 Nf3 48. Qb5+ 1/2-1/2

[Event "12th Senioren-Cup Tegernsee 2024"]
[Site "Rottach-Egern"]
[Date "2024.04.07"]
[Round "2.8"]
[White "Lindam, Ingo"]
[Black "Onasch, Gunnar"]
[Result "1-0"]
[ECO "E06"]
[WhiteElo "2160"]
[BlackElo "1980"]
[Annotator "RC"]
[PlyCount "59"]
[EventDate "2024.04.02"]
[EventType "swiss"]
[EventCountry "GER"]
[SourceTitle "playchess.com"]
[Source "ChessBase"]
[SourceQuality "1"]
[TimeControl "7800+30"]

1. d4 d5 2. Nf3 e6 3. c4 Be7 4. g3 Nf6 5. Bg2 O-O 6. O-O b6 7. cxd5 exd5 8. Ne5 Be6 9. Nc3 Qc8 10. Bg5 c6 11. Rc1 Qb7 12. Qc2 h6 13. Bxf6 Bxf6 14. f4 Bxe5 15. dxe5 f5 16. exf6 Rxf6 17. e4 Na6 18. f5 d4 19. fxe6 dxc3 20. Rxf6 gxf6 21. Qxc3 Qe7 22. Qxc6 Rd8 23. Bh3 Kg7 24. e5 fxe5 25. Qe4 Nc5 26. Qxe5+ Kg8 27. Qf5 Qg7 28. Rc4 Rd1+ 29. Bf1 Rd4 30. Qf7+ 1-0

[Event "12th Senioren-Cup Tegernsee 2024"]
[Site "Rottach-Egern"]
[Date "2024.04.07"]
[Round "2.9"]
[White "Nikolov, Jordan"]
[Black "Luciani, Carlo"]
[Result "0-1"]
[ECO "C54"]
[WhiteElo "1971"]
[BlackElo "2159"]
[Annotator "RC"]
[PlyCount "100"]
[EventDate "2024.04.02"]
[EventType "swiss"]
[EventCountry "GER"]
[SourceTitle "playchess.com"]
[Source "ChessBase"]
[SourceQuality "1"]
[TimeControl "7800+30"]

1. e4 e5 2. Nf3 Nc6 3. Bc4 Bc5 4. c3 Nf6 5. d3 a6 6. O-O Ba7 7. Bb3 d6 8. Nbd2 h6 9. h3 g5 10. Nh2 Bd7 11. Nc4 Qe7 12. Ne3 O-O-O 13. Qf3 Rdf8 14. Nf5 Bxf5 15. Qxf5+ Kb8 16. Bd1 Ne8 17. Ng4 Qd8 18. Be3 Ne7 19. Bxa7+ Kxa7 20. Qf3 f5 21. exf5 Nxf5 22. Qe4 h5 23. Ne3 Nh4 24. Nd5 Kb8 25. d4 c6 26. Nb4 Nf6 27. Qe3 e4 28. g3 Nf5 29. Qxg5 Qd7 30. Qf4 a5 31. Nc2 Nd5 32. Qxe4 Rhg8 33. Bf3 Re8 34. Qd3 Nf4 35. Qd2 Nxh3+ 36. Kh2 Ng5 37. Bg2 h4 38. g4 h3 39. Bh1 Nh4 40. f3 Ref8 41. Qe3 Re8 42. Qd2 Qf7 43. f4 Ne4 44. Bxe4 Rxe4 45. Rae1 Rxe1 46. Nxe1 Rxg4 47. Qe3 Nf5 48. Qf3 Rg3 49. Qe4 Re3 50. Qc2 Qe6 0-1

[Event "12th Senioren-Cup Tegernsee 2024"]
[Site "Rottach-Egern"]
[Date "2024.04.07"]
[Round "2.10"]
[White "Astengo, Corrado"]
[Black "Schatz, Christian"]
[Result "1/2-1/2"]
[ECO "B05"]
[WhiteElo "1968"]
[BlackElo "2158"]
[Annotator "RC"]
[PlyCount "44"]
[EventDate "2024.04.02"]
[EventType "swiss"]
[EventCountry "GER"]
[SourceTitle "playchess.com"]
[Source "ChessBase"]
[SourceQuality "1"]
[TimeControl "7800+30"]

1. e4 Nf6 2. e5 Nd5 3. d4 d6 4. Nf3 Bg4 5. Be2 e6 6. c4 Nb6 7. exd6 cxd6 8. O-O Be7 9. Nc3 O-O 10. Be3 d5 11. c5 Nc8 12. b4 a6 13. Ne5 Bxe2 14. Qxe2 Bf6 15. Bf4 Ne7 16. Rab1 Nbc6 17. Rfd1 Nf5 18. Nxc6 bxc6 19. Be5 Bxe5 20. Qxe5 Qb8 21. Qxb8 Rfxb8 22. Na4 Ra7 1/2-1/2

[Event "12th Senioren-Cup Tegernsee 2024"]
[Site "Rottach-Egern"]
[Date "2024.04.08"]
[Round "3.1"]
[White "Schneider-Zinner, Harald"]
[Black "Mertens, Klaus"]
[Result "1-0"]
[ECO "E21"]
[WhiteElo "2335"]
[BlackElo "2093"]
[Annotator "RC"]
[PlyCount "83"]
[EventDate "2024.04.02"]
[EventType "swiss"]
[EventCountry "GER"]
[SourceTitle "playchess.com"]
[Source "ChessBase"]
[SourceQuality "1"]
[TimeControl "7800+30"]

1. d4 Nf6 2. c4 e6 3. Nc3 Bb4 4. Nf3 b6 5. Qb3 a5 6. g3 Bb7 7. Bg2 O-O 8. O-O d5 9. cxd5 exd5 10. Bg5 c6 11. Ne5 Qd6 12. Rac1 Nfd7 13. Nd3 Re8 14. a3 Bxc3 15. Qxc3 Na6 16. Bf4 Qe6 17. Be3 Nc7 18. a4 Na6 19. Rfe1 Rac8 20. Rcd1 Re7 21. b3 Nf8 22. Bg5 f6 23. Bc1 Qf5 24. Ba3 Ree8 25. Nf4 g5 26. Bh3 g4 27. Bg2 Ng6 28. e3 Nxf4 29. exf4 Kf7 30. Bf1 Qd7 31. Bd3 Rxe1+ 32. Rxe1 Re8 33. Bxh7 Bc8 34. Bd3 Rxe1+ 35. Qxe1 Nc7 36. f5 Ne8 37. Qe2 Ng7 38. Qxg4 Nxf5 39. Qh5+ Kg7 40. g4 Ne7 41. Qh7+ Kf8 42. Bf5 1-0

[Event "12th Senioren-Cup Tegernsee 2024"]
[Site "Rottach-Egern"]
[Date "2024.04.08"]
[Round "3.2"]
[White "Jahn, Peter"]
[Black "Heinbuch, Detlef Ulrich"]
[Result "1/2-1/2"]
[ECO "A44"]
[WhiteElo "2068"]
[BlackElo "2273"]
[Annotator "RC"]
[PlyCount "30"]
[EventDate "2024.04.02"]
[EventType "swiss"]
[EventCountry "GER"]
[SourceTitle "playchess.com"]
[Source "ChessBase"]
[SourceQuality "1"]
[TimeControl "7800+30"]

1. d4 c5 2. d5 e5 3. Nc3 d6 4. e4 a6 5. a4 b6 6. Nf3 Bg4 7. Be2 Bxf3 8. Bxf3 Be7 9. O-O Nf6 10. Be3 O-O 11. Qe2 Ne8 12. Bg4 g6 13. Bh3 Ng7 14. g3 f5 15. f4 Nd7 1/2-1/2

[Event "12th Senioren-Cup Tegernsee 2024"]
[Site "Rottach-Egern"]
[Date "2024.04.08"]
[Round "3.3"]
[White "Cordts, Ingo"]
[Black "Kolthoff, Siegmund"]
[Result "1/2-1/2"]
[ECO "E08"]
[WhiteElo "2225"]
[BlackElo "2083"]
[Annotator "RC"]
[PlyCount "37"]
[EventDate "2024.04.02"]
[EventType "swiss"]
[EventCountry "GER"]
[SourceTitle "playchess.com"]
[Source "ChessBase"]
[SourceQuality "1"]
[TimeControl "7800+30"]

1. d4 d5 2. c4 e6 3. Nf3 Nf6 4. g3 Bb4+ 5. Bd2 Be7 6. Bg2 O-O 7. O-O c6 8. Qc2 Nbd7 9. Bf4 Nh5 10. Bc1 Nhf6 11. Bf4 Nh5 12. Bc1 Nhf6 13. b3 b6 14. Nc3 Ba6 15. Rd1 Rc8 16. e4 dxc4 17. Bf4 Bb4 18. Nd2 Qe7 19. Bh3 1/2-1/2

[Event "12th Senioren-Cup Tegernsee 2024"]
[Site "Rottach-Egern"]
[Date "2024.04.08"]
[Round "3.4"]
[White "Mueller, Matthias-Michael"]
[Black "Vatter, Hans-Joachim"]
[Result "1/2-1/2"]
[ECO "A46"]
[WhiteElo "2307"]
[BlackElo "2211"]
[Annotator "RC"]
[PlyCount "28"]
[EventDate "2024.04.02"]
[EventType "swiss"]
[EventCountry "GER"]
[SourceTitle "playchess.com"]
[Source "ChessBase"]
[SourceQuality "1"]
[TimeControl "7800+30"]

1. d4 Nf6 2. Nf3 e6 3. Bf4 c5 4. e3 Qb6 5. Qc1 Nc6 6. c3 Nh5 7. Bg3 Nxg3 8. hxg3 d5 9. Bd3 Bd7 10. Nbd2 h6 11. O-O Rc8 12. Qb1 cxd4 13. exd4 Be7 14. Re1 O-O 1/2-1/2

[Event "12th Senioren-Cup Tegernsee 2024"]
[Site "Rottach-Egern"]
[Date "2024.04.08"]
[Round "3.6"]
[White "Zschunke, Werner"]
[Black "Lindam, Ingo"]
[Result "0-1"]
[ECO "E68"]
[WhiteElo "1966"]
[BlackElo "2160"]
[Annotator "RC"]
[PlyCount "62"]
[EventDate "2024.04.02"]
[EventType "swiss"]
[EventCountry "GER"]
[SourceTitle "playchess.com"]
[Source "ChessBase"]
[SourceQuality "1"]
[TimeControl "7800+30"]

1. c4 Nf6 2. Nf3 g6 3. Nc3 Bg7 4. g3 d6 5. Bg2 e5 6. O-O O-O 7. d4 Nbd7 8. dxe5 dxe5 9. e4 c6 10. Qc2 Qe7 11. h3 Nh5 12. Bg5 f6 13. Be3 Nc5 14. g4 Nf4 15. Bxf4 exf4 16. Rad1 a5 17. Nd4 Bd7 18. Nce2 Bh6 19. a3 a4 20. b4 axb3 21. Nxb3 Be6 22. Ned4 Bf7 23. Ra1 Rfd8 24. Rfd1 Bg7 25. Ra2 Rd7 26. Kh2 Rad8 27. Bf3 f5 28. Nxc5 Qxc5 29. Nb3 Qxc4 30. Rb1 Qxc2 31. Rxc2 Rd3 0-1

[Event "12th Senioren-Cup Tegernsee 2024"]
[Site "Rottach-Egern"]
[Date "2024.04.08"]
[Round "3.7"]
[White "Luciani, Carlo"]
[Black "Schulz, Michael"]
[Result "0-1"]
[ECO "B38"]
[WhiteElo "2159"]
[BlackElo "2144"]
[Annotator "RC"]
[PlyCount "108"]
[EventDate "2024.04.02"]
[EventType "swiss"]
[EventCountry "GER"]
[SourceTitle "playchess.com"]
[Source "ChessBase"]
[SourceQuality "1"]
[TimeControl "7800+30"]

1. e4 c5 2. Nf3 g6 3. d4 cxd4 4. Nxd4 Nf6 5. f3 Nc6 6. c4 d6 7. Nc3 Bg7 8. Be3 O-O 9. Qd2 Nxd4 10. Bxd4 a5 11. g4 Be6 12. h4 a4 13. h5 Qa5 14. h6 Bh8 15. g5 Nd7 16. Bxh8 Kxh8 17. Nd5 Bxd5 18. Qxa5 Rxa5 19. cxd5 Rc5 20. Rd1 f6 21. gxf6 Rxf6 22. Be2 Ne5 23. Rh3 g5 24. Kd2 Kg8 25. Rg1 Nf7 26. Bd1 b5 27. b4 axb3 28. axb3 b4 29. Bc2 Rc3 30. Ra1 Rxh6 31. Rxh6 Nxh6 32. Ra7 Kf8 33. Rb7 Rxf3 34. Rxb4 g4 35. Ke2 Rf6 36. Rb8+ Kg7 37. Ra8 g3 38. Ra1 Rf2+ 39. Kd3 g2 40. Rg1 Kf6 41. Kc3 Ng4 42. e5+ Nxe5 43. Be4 Nf3 44. Bxf3 Rxf3+ 45. Kc4 Rf2 46. b4 h5 47. Kd3 h4 48. Ke3 Rb2 49. Kf3 h3 50. Kg3 Rb3+ 51. Kh2 Ke5 52. Rd1 Rf3 53. Re1+ Kxd5 54. Rxe7 Rf1 0-1

[Event "12th Senioren-Cup Tegernsee 2024"]
[Site "Rottach-Egern"]
[Date "2024.04.08"]
[Round "3.8"]
[White "Strobel, Walter"]
[Black "Schoetzig, Detlef"]
[Result "1/2-1/2"]
[ECO "B01"]
[WhiteElo "2147"]
[BlackElo "2068"]
[Annotator "RC"]
[PlyCount "22"]
[EventDate "2024.04.02"]
[EventType "swiss"]
[EventCountry "GER"]
[SourceTitle "playchess.com"]
[Source "ChessBase"]
[SourceQuality "1"]
[TimeControl "7800+30"]

1. e4 d5 2. exd5 Nf6 3. Nf3 Qxd5 4. d4 Bg4 5. Be2 Nc6 6. c4 Qh5 7. Be3 O-O-O 8. Nbd2 e6 9. Qa4 Bb4 10. O-O-O Qa5 11. Qxa5 Nxa5 1/2-1/2

[Event "12th Senioren-Cup Tegernsee 2024"]
[Site "Rottach-Egern"]
[Date "2024.04.08"]
[Round "3.9"]
[White "Steiger, Michael"]
[Black "Wille, Thomas"]
[Result "1/2-1/2"]
[ECO "D02"]
[WhiteElo "1955"]
[BlackElo "2147"]
[Annotator "RC"]
[PlyCount "28"]
[EventDate "2024.04.02"]
[EventType "swiss"]
[EventCountry "GER"]
[SourceTitle "playchess.com"]
[Source "ChessBase"]
[SourceQuality "1"]
[TimeControl "7800+30"]

1. d4 c5 2. c3 e6 3. Nf3 d5 4. Bf4 Bd6 5. Bxd6 Qxd6 6. dxc5 Qxc5 7. Qd4 Qxd4 8. cxd4 f6 9. Nc3 Bd7 10. e3 Ne7 11. Rc1 a6 12. a3 Nf5 13. Bd3 Nd6 14. b3 Bc6 1/2-1/2

[Event "12th Senioren-Cup Tegernsee 2024"]
[Site "Rottach-Egern"]
[Date "2024.04.08"]
[Round "3.10"]
[White "Kannenberg, Karl-Heinz"]
[Black "Pollmann, Sascha"]
[Result "1-0"]
[ECO "A80"]
[WhiteElo "2108"]
[BlackElo "2061"]
[Annotator "RC"]
[PlyCount "103"]
[EventDate "2024.04.02"]
[EventType "swiss"]
[EventCountry "GER"]
[SourceTitle "playchess.com"]
[Source "ChessBase"]
[SourceQuality "1"]
[TimeControl "7800+30"]

1. d4 f5 2. Nf3 Nf6 3. Bf4 g6 4. e3 Bg7 5. c4 d6 6. h3 Ne4 7. Nbd2 Nxd2 8. Qxd2 O-O 9. Be2 Nd7 10. Rd1 Nf6 11. O-O e6 12. Qc2 Bd7 13. Bh2 Qe7 14. b4 Kh8 15. a3 Bc6 16. b5 Be4 17. Qb3 b6 18. Nd2 Bb7 19. Bf3 Bxf3 20. Nxf3 Ne4 21. Nd2 Nxd2 22. Rxd2 g5 23. Qd1 Rg8 24. c5 dxc5 25. dxc5 Qxc5 26. Rc2 Qxb5 27. Rxc7 Rad8 28. Qh5 Rd7 29. Rxd7 Qxd7 30. Qxg5 Qd5 31. Bg3 Be5 32. Bxe5+ Qxe5 33. Qh4 Qg7 34. g3 e5 35. Rd1 Qg5 36. Qxg5 Rxg5 37. Rd5 e4 38. h4 Rh5 39. Rd8+ Kg7 40. Rd7+ Kf6 41. Rxa7 Rh6 42. Kf1 Kg6 43. Rb7 Kh5 44. Rg7 Rg6 45. Rxh7+ Kg4 46. Kg2 Rf6 47. a4 Rg6 48. Rf7 Rg8 49. Rf6 Ra8 50. Rxb6 Kh5 51. Rb5 Rxa4 52. Rxf5+ 1-0

[Event "12th Senioren-Cup Tegernsee 2024"]
[Site "Rottach-Egern"]
[Date "2024.04.09"]
[Round "4.1"]
[White "Schulz, Michael"]
[Black "Schneider-Zinner, Harald"]
[Result "1/2-1/2"]
[ECO "D33"]
[WhiteElo "2144"]
[BlackElo "2335"]
[Annotator "RC"]
[PlyCount "44"]
[EventDate "2024.04.02"]
[EventType "swiss"]
[EventCountry "GER"]
[SourceTitle "playchess.com"]
[Source "ChessBase"]
[SourceQuality "1"]
[TimeControl "7800+30"]

1. d4 e6 2. c4 d5 3. Nc3 c5 4. cxd5 exd5 5. Nf3 Nf6 6. g3 Nc6 7. Bg2 cxd4 8. Nxd4 Bc5 9. Nb3 Bb6 10. O-O d4 11. Na4 O-O 12. Bg5 Re8 13. Re1 Bg4 14. h3 Bf5 15. Nac5 Bxc5 16. Nxc5 Qb6 17. Nd3 Ne4 18. Bf4 Nb4 19. Nxb4 Qxb4 20. Qb3 Qe7 21. Rac1 Rac8 22. Qd5 Qe6 1/2-1/2

[Event "12th Senioren-Cup Tegernsee 2024"]
[Site "Rottach-Egern"]
[Date "2024.04.09"]
[Round "4.3"]
[White "Lindam, Ingo"]
[Black "Marentini, Marcel"]
[Result "1-0"]
[ECO "C13"]
[WhiteElo "2160"]
[BlackElo "2102"]
[Annotator "RC"]
[PlyCount "53"]
[EventDate "2024.04.02"]
[EventType "swiss"]
[EventCountry "GER"]
[SourceTitle "playchess.com"]
[Source "ChessBase"]
[SourceQuality "1"]
[TimeControl "7800+30"]

1. d4 e6 2. e4 d5 3. Nc3 dxe4 4. Nxe4 Nf6 5. Bg5 Be7 6. Bxf6 Bxf6 7. Nf3 O-O 8. c3 b6 9. Bd3 Bb7 10. Qe2 Nd7 11. O-O-O Qe7 12. h4 Rfe8 13. g4 g6 14. h5 e5 15. hxg6 hxg6 16. d5 Bxd5 17. Bc4 Bxe4 18. Qxe4 Kg7 19. Qe3 g5 20. Qd3 Nf8 21. Qe4 Rad8 22. Nd2 Ng6 23. Rhe1 Qc5 24. Re3 b5 25. Bb3 a5 26. Qf5 Nh4 27. Qxf6+ 1-0